SAA
WESTWOOD SIXSHOOTERS @ IRVING BLUE SOX
06/17/2029
 
TOP OF THE 1ST
Westwood Sixshooters batting - Pitching for Irving Blue Sox : RHP Armando Cruz
Pitching: RHP Armando Cruz
Batting: LHB Mitchell Cusimano 0-0: Called Strike
0-1: Foul Ball, location: 2F
0-2: Ball
1-2: Foul Ball, location: 2F
1-2: Ball
2-2: Ball
3-2: Ground out U3 (Groundball, 3)
Batting: RHB Jesús Ruano 0-0: Ball
1-0: Ball
2-0: Ball
3-0: Base on Balls
Batting: LHB Bob Daugherty 0-0: Foul Ball, location: 2F
0-1: Ball
1-1: Ball
2-1: Swinging Strike
2-2: Fly out, F8 (Flyball, 78D)
Batting: SHB Arsenio Sameiro 0-0: Ball
1-0: Swinging Strike
1-1: Ball
2-1: Swinging Strike
2-2: Strikes out swinging
Top of the 1st over - 0 runs, 0 hits, 0 errors, 1 left on base; Westwood 0 - Irving 0
BOTTOM OF THE 1ST
Irving Blue Sox batting - Pitching for Westwood Sixshooters : LHP Wilson Longoria
Pitching: LHP Wilson Longoria
Batting: RHB Scott Donlan 0-0: Ball
1-0: Ball
2-0: Called Strike
2-1: Ball
3-1: Base on Balls
Batting: RHB Eisse Cals 0-0: Ball
1-0: Ball
2-0: Swinging Strike
2-1: Called Strike
2-2: DOUBLE (Line Drive, 9LS)
Scott Donlan to third
Batting: RHB Tom Boyer 0-0: Called Strike
0-1: Ball
1-1: Called Strike
1-2: Ball
2-2: Foul Ball, location: 2F
2-2: Foul Ball, location: 2F
2-2: Foul Ball, location: 2F
2-2: Ground out 3-1 (Groundball, 34S)
Scott Donlan scores
Eisse Cals to third
Batting: LHB Myron Rosenbalm 0-0: Called Strike
0-1: Ball
1-1: Ball
2-1: Swinging Strike
2-2: SINGLE (Groundball, 34D)
Eisse Cals scores
Batting: RHB Wessel Wemerman 0-0: Called Strike
0-1: Ball
1-1: Ball
2-1: Called Strike
2-2: Foul Ball, location: 2F
2-2: Strikes out swinging
Batting: SHB John Clayton 0-0: Called Strike
0-1: Called Strike
0-2: Ball
1-2: Ball
2-2: Ball
3-2: Base on Balls
Myron Rosenbalm to second
Batting: RHB Cisco Hernández 0-0: Ball
1-0: Foul Ball, location: 2F
1-1: Ball
2-1: Ball
3-1: Foul Ball, location: 2F
3-2: Strikes out swinging
Bottom of the 1st over - 2 runs, 2 hits, 0 errors, 2 left on base; Westwood 0 - Irving 2
TOP OF THE 2ND
Westwood Sixshooters batting - Pitching for Irving Blue Sox : RHP Armando Cruz
Batting: LHB Phil Minor 0-0: Ball
1-0: SINGLE (Groundball, 34D)
Batting: RHB Steve Bock 0-0: Swinging Strike
0-1: Called Strike
0-2: Ball
Phil Minor is caught stealing 2nd base
1-2: Foul Ball, location: 2F
1-2: Fly out, F7 (Flyball, 7S)
Batting: LHB José Martínez 0-0: Ball
1-0: Ball
2-0: Called Strike
2-1: Ball
3-1: Base on Balls
Batting: RHB Simone Catalani 0-0: SINGLE (Line Drive, 9S)
José Martínez to second
Batting: RHB Nick Hoskins 0-0: Ball
1-0: Ball
2-0: Called Strike
2-1: Foul Ball, location: 2F
2-2: Strikes out swinging
Top of the 2nd over - 0 runs, 2 hits, 0 errors, 2 left on base; Westwood 0 - Irving 2
BOTTOM OF THE 2ND
Irving Blue Sox batting - Pitching for Westwood Sixshooters : LHP Wilson Longoria
Batting: SHB Lúcio Gonzáles 0-0: Swinging Strike
0-1: Called Strike
0-2: Ball
1-2: Strikes out swinging
Batting: RHB Enrique Gómez 0-0: Foul Ball, location: 2F
0-1: Foul Ball, location: 2F
0-2: Ball
1-2: Ball
2-2: SINGLE (Line Drive, 8LS)
Batting: RHB Scott Donlan 0-0: Ball
1-0: Foul Ball, location: 2F
1-1: Grounds into double play, 6-4-3 (Groundball, 6D)
Bottom of the 2nd over - 0 runs, 1 hit, 0 errors, 0 left on base; Westwood 0 - Irving 2
TOP OF THE 3RD
Westwood Sixshooters batting - Pitching for Irving Blue Sox : RHP Armando Cruz
Batting: LHB Mitchell Cusimano 0-0: Called Strike
0-1: Ball
1-1: Ground out 5-3 (Groundball, 5)
Batting: RHB Jesús Ruano 0-0: Called Strike
0-1: Ball
1-1: Foul Ball, location: 2F
1-2: Strikes out swinging
Batting: LHB Bob Daugherty 0-0: Ball
1-0: Ball
2-0: Foul Ball, location: 2F
2-1: DOUBLE (Line Drive, 7LS)
Batting: SHB Arsenio Sameiro 0-0: Ground out U3 (Groundball, 3)
Top of the 3rd over - 0 runs, 1 hit, 0 errors, 1 left on base; Westwood 0 - Irving 2
BOTTOM OF THE 3RD
Irving Blue Sox batting - Pitching for Westwood Sixshooters : LHP Wilson Longoria
Batting: RHB Eisse Cals 0-0: Ball
1-0: Ball
2-0: Ball
3-0: Base on Balls
Batting: RHB Tom Boyer 0-0: Ball
1-0: Called Strike
1-1: Ball
2-1: Ball
3-1: Foul Ball, location: 2F
3-2: Fielders Choice at 2nd, 6-4 (Groundball, 6)
Batting: LHB Myron Rosenbalm 0-0: Called Strike
0-1: Ball
1-1: Swinging Strike
1-2: Foul Ball, location: 2F
1-2: Foul Ball, location: 2F
1-2: Strikes out swinging
Batting: RHB Wessel Wemerman 0-0: Called Strike
0-1: Called Strike
0-2: Strikes out swinging
Bottom of the 3rd over - 0 runs, 0 hits, 0 errors, 1 left on base; Westwood 0 - Irving 2
TOP OF THE 4TH
Westwood Sixshooters batting - Pitching for Irving Blue Sox : RHP Armando Cruz
Batting: LHB Phil Minor 0-0: Ball
1-0: Ball
2-0: Called Strike
2-1: Foul Ball, location: 2F
2-2: Fly out, F7 (Flyball, 7LMF)
Batting: RHB Steve Bock 0-0: Ball
1-0: Called Strike
1-1: Swinging Strike
1-2: Ball
2-2: Foul Ball, location: 2F
2-2: Strikes out swinging
Batting: LHB José Martínez 0-0: Called Strike
0-1: Ball
1-1: Ground out 6-3 (Groundball, 6)
Top of the 4th over - 0 runs, 0 hits, 0 errors, 0 left on base; Westwood 0 - Irving 2
BOTTOM OF THE 4TH
Irving Blue Sox batting - Pitching for Westwood Sixshooters : LHP Wilson Longoria
Pitching: RHP Antoine Ayuso
Batting: SHB John Clayton 0-0: Ball
1-0: Ball
2-0: Called Strike
2-1: Ball
3-1: Base on Balls
Batting: RHB Cisco Hernández 0-0: Called Strike
0-1: Swinging Strike
0-2: SINGLE (Line Drive, 4M)
John Clayton to second
Batting: SHB Lúcio Gonzáles 0-0: Ball
1-0: Called Strike
1-1: Foul Ball, location: 2F
1-2: Strikes out swinging
Batting: RHB Enrique Gómez 0-0: Ball
1-0: Called Strike
1-1: Fielders Choice at 2nd, 6-4 (Groundball, 6)
John Clayton to third
Batting: RHB Scott Donlan 0-0: Foul Ball, location: 2F
0-1: Ball
1-1: Ground out 6-3 (Groundball, 6)
Bottom of the 4th over - 0 runs, 1 hit, 0 errors, 2 left on base; Westwood 0 - Irving 2
TOP OF THE 5TH
Westwood Sixshooters batting - Pitching for Irving Blue Sox : RHP Armando Cruz
Batting: RHB Simone Catalani 0-0: Foul Ball, location: 2F
0-1: Ground out 5-3 (Groundball, 56S)
Batting: RHB Nick Hoskins 0-0: Ball
1-0: Ground out 5-3 (Groundball, 56)
Batting: LHB Mitchell Cusimano 0-0: Swinging Strike
0-1: Ground out 1-3 (Groundball, P)
Top of the 5th over - 0 runs, 0 hits, 0 errors, 0 left on base; Westwood 0 - Irving 2
BOTTOM OF THE 5TH
Irving Blue Sox batting - Pitching for Westwood Sixshooters : RHP Antoine Ayuso
Batting: RHB Eisse Cals 0-0: Called Strike
0-1: Ball
1-1: SINGLE (Groundball, 6MD)
Batting: RHB Tom Boyer 0-0: Called Strike
0-1: Called Strike
0-2: Ball
1-2: Ball
2-2: Ball
3-2: Foul Ball, location: 2F
3-2: Strikes out swinging
Batting: LHB Myron Rosenbalm 0-0: Ball
1-0: Ball
2-0: Ball
3-0: Base on Balls
Eisse Cals to second
Batting: RHB Wessel Wemerman 0-0: Ball
1-0: Swinging Strike
1-1: Swinging Strike
1-2: 3-RUN HOME RUN (Flyball, 9LD), Distance : 354 ft
Batting: SHB John Clayton 0-0: Ball
1-0: Called Strike
1-1: Fly out, F8 (Flyball, 78D)
Batting: RHB Cisco Hernández 0-0: Ball
1-0: Ball
2-0: Ball
3-0: Called Strike
3-1: Base on Balls
Batting: SHB Lúcio Gonzáles 0-0: Ball
1-0: Ball
2-0: Ball
3-0: Base on Balls
Cisco Hernández to second
Batting: RHB Enrique Gómez 0-0: Called Strike
0-1: Ball
1-1: Fly out, F7 (Flyball, 7D)
Bottom of the 5th over - 3 runs, 2 hits, 0 errors, 2 left on base; Westwood 0 - Irving 5
TOP OF THE 6TH
Westwood Sixshooters batting - Pitching for Irving Blue Sox : RHP Armando Cruz
Batting: RHB Jesús Ruano 0-0: Ball
1-0: Foul Ball, location: 2F
1-1: SINGLE (Line Drive, 6MD)
Batting: LHB Bob Daugherty 0-0: Called Strike
0-1: Foul Ball, location: 2F
0-2: Ball
1-2: Ground out 4-3 (Groundball, 4S)
Jesús Ruano to second
Batting: SHB Arsenio Sameiro 0-0: Called Strike
0-1: Ball
1-1: Foul Ball, location: 2F
1-2: Ball
2-2: Ball
3-2: Foul Ball, location: 2F
3-2: Foul Ball, location: 2F
3-2: Base on Balls
Batting: LHB Phil Minor 0-0: Ball
1-0: Called Strike
1-1: Fielders Choice at 2nd, 5-4 (Groundball, 5)
Jesús Ruano to third
Batting: RHB Steve Bock 0-0: Fielders Choice at 2nd, 6-4 (Groundball, 6)
Top of the 6th over - 0 runs, 1 hit, 0 errors, 2 left on base; Westwood 0 - Irving 5
BOTTOM OF THE 6TH
Irving Blue Sox batting - Pitching for Westwood Sixshooters : RHP Antoine Ayuso
Batting: RHB Scott Donlan 0-0: Foul Ball, location: 2F
0-1: Foul Ball, location: 2F
0-2: Strikes out swinging
Batting: RHB Eisse Cals 0-0: Ball
1-0: Ball
2-0: Ball
3-0: Base on Balls
Batting: RHB Tom Boyer 0-0: Ball
1-0: DOUBLE (Line Drive, 78D)
Eisse Cals to third
Batting: LHB Myron Rosenbalm 0-0: Intentional Walk
Batting: RHB Wessel Wemerman 0-0: Ball
1-0: DOUBLE (Flyball, 78D)
Eisse Cals scores
Tom Boyer scores
Myron Rosenbalm to third
Batting: SHB John Clayton 0-0: Ball
1-0: SINGLE (Line Drive, 9LM)
Myron Rosenbalm scores
Wessel Wemerman to third
Batting: RHB Cisco Hernández 0-0: Ball
1-0: Called Strike
1-1: Swinging Strike
1-2: Foul Ball, location: 2F
1-2: Ball
2-2: Ball
3-2: SINGLE (Groundball, 4MD)
Wessel Wemerman scores
John Clayton to second
John Clayton to third
Batting: SHB Lúcio Gonzáles 0-0: Called Strike
0-1: Ball
Cisco Hernández is caught stealing 2nd base
1-1: SINGLE (Groundball, 4D)
John Clayton scores
Batting: RHB Enrique Gómez 0-0: Ball
1-0: Ball
2-0: Called Strike
2-1: Foul Ball, location: 2F
2-2: Ball
3-2: SINGLE (Line Drive, 6MD)
Lúcio Gonzáles to second
Lúcio Gonzáles to third
Pitching: RHP Raúl Colón
Batting: RHB Scott Donlan 0-0: Called Strike
0-1: Ball
1-1: Ball
2-1: Ball
3-1: Base on Balls
Enrique Gómez to second
Batting: RHB Eisse Cals 0-0: Ball
1-0: Foul Ball, location: 2F
1-1: Fly out, F7 (Flyball, 7LS)
Bottom of the 6th over - 5 runs, 6 hits, 0 errors, 3 left on base; Westwood 0 - Irving 10
TOP OF THE 7TH
Westwood Sixshooters batting - Pitching for Irving Blue Sox : RHP Armando Cruz
Batting: LHB José Martínez 0-0: Ground out 5-3 (Groundball, 56)
Batting: RHB Simone Catalani 0-0: Called Strike
0-1: Ball
1-1: Ball
2-1: Foul Ball, location: 2F
2-2: Ball
3-2: Strikes out swinging
Batting: RHB Nick Hoskins 0-0: Ball
1-0: Ball
2-0: Ground out U3 (Groundball, 3L)
Top of the 7th over - 0 runs, 0 hits, 0 errors, 0 left on base; Westwood 0 - Irving 10
BOTTOM OF THE 7TH
Irving Blue Sox batting - Pitching for Westwood Sixshooters : RHP Raúl Colón
Batting: RHB Tom Boyer 0-0: Ball
1-0: Ball
2-0: Called Strike
2-1: Foul Ball, location: 2F
2-2: Foul Ball, location: 2F
2-2: Ball
3-2: SINGLE (Groundball, 4MD)
Batting: LHB Myron Rosenbalm 0-0: Called Strike
0-1: Ball
1-1: Foul Ball, location: 2F
1-2: Ball
2-2: Foul Ball, location: 2F
2-2: Ball
3-2: Foul Ball, location: 2F
3-2: Base on Balls
Tom Boyer to second
Batting: RHB Wessel Wemerman 0-0: Swinging Strike
0-1: Ball
1-1: Called Strike
1-2: SINGLE (Line Drive, 7LM)
Tom Boyer to third
Myron Rosenbalm to second
Runner from 3rd tries for Home, SAFE, throw made home
Batting: SHB John Clayton 0-0: Called Strike
0-1: Foul Ball, location: 2F
0-2: Reached on error, E6 (Groundball, 6)
Myron Rosenbalm to third
Wessel Wemerman to second
Batting: RHB Cisco Hernández 0-0: Called Strike
0-1: Grounds into double play, 6-4-3 (Groundball, 56)
Myron Rosenbalm scores
Wessel Wemerman to third
Batting: SHB Lúcio Gonzáles 0-0: Called Strike
0-1: Ball
1-1: Ground out 6-3 (Groundball, 6)
Bottom of the 7th over - 2 runs, 2 hits, 1 error, 1 left on base; Westwood 0 - Irving 12
TOP OF THE 8TH
Westwood Sixshooters batting - Pitching for Irving Blue Sox : RHP Armando Cruz
Batting: LHB Mitchell Cusimano 0-0: Ball
1-0: Ball
2-0: Ground out U3 (Groundball, 34)
Batting: RHB Jesús Ruano 0-0: Called Strike
0-1: Called Strike
0-2: Foul Ball, location: 2F
0-2: Fly out, F9 (Flyball, 89M)
Batting: LHB Bob Daugherty 0-0: Ball
1-0: Called Strike
1-1: Fly out, F7 (Flyball, 7LSF)
Top of the 8th over - 0 runs, 0 hits, 0 errors, 0 left on base; Westwood 0 - Irving 12
BOTTOM OF THE 8TH
Irving Blue Sox batting - Pitching for Westwood Sixshooters : RHP Raúl Colón
Pinch Hitting: RHB Wes Bradley 0-0: Ball
1-0: DOUBLE (Line Drive, 8LD)
Batting: RHB Scott Donlan 0-0: Ball
1-0: Called Strike
1-1: DOUBLE (Groundball, 5L)
Wes Bradley scores
Batting: RHB Eisse Cals 0-0: Ball
1-0: Swinging Strike
1-1: Foul Ball, location: 2F
1-2: Ball
2-2: Foul Ball, location: 2F
2-2: SINGLE (Groundball, 6MD)
Scott Donlan to third
Batting: RHB Tom Boyer 0-0: Called Strike
0-1: Ball
1-1: Foul Ball, location: 2F
1-2: Ball
2-2: Foul Ball, location: 2F
2-2: Ball
3-2: SINGLE (Groundball, 34D)
Scott Donlan scores
Eisse Cals to second
Runner from 2nd tries for 3rd, SAFE, no throw
Batting: LHB Myron Rosenbalm 0-0: Ball
1-0: Ball
Tom Boyer steals 2nd base
2-0: SINGLE (Groundball, 4D)
Eisse Cals scores
Tom Boyer to third
Runner from 3rd tries for Home, SAFE, no throw
Batting: RHB Wessel Wemerman 0-0: DOUBLE (Flyball, 78D)
Myron Rosenbalm to third
Batting: SHB John Clayton 0-0: Ball
1-0: Ball
2-0: Ball
3-0: Base on Balls
Batting: RHB Cisco Hernández 0-0: Called Strike
0-1: Ball
1-1: Ball
2-1: SINGLE (Flyball, 7LM)
Myron Rosenbalm scores
Wessel Wemerman to third
John Clayton to second
Batting: SHB Lúcio Gonzáles 0-0: Called Strike
0-1: Ball
1-1: Ball
2-1: DOUBLE (Flyball, 89D)
Wessel Wemerman scores
John Clayton scores
Cisco Hernández to third
Pitching: RHP Kevin Samuels
Batting: RHB Wes Bradley 0-0: Called Strike
0-1: Ball
1-1: Foul Ball, location: 2F
1-2: Strikes out looking
Batting: RHB Scott Donlan 0-0: Ball
1-0: Foul Ball, location: 2F
1-1: Swinging Strike
1-2: Foul Ball, location: 2F
1-2: Foul Ball, location: 2F
1-2: Foul Ball, location: 2F
1-2: Reached on error, E6 (Groundball, 6)
Cisco Hernández scores
Lúcio Gonzáles to third
Batting: RHB Eisse Cals 0-0: Called Strike
0-1: Ball
1-1: Foul Ball, location: 2F
1-2: Strikes out swinging
Batting: RHB Tom Boyer 0-0: Ball
1-0: Ball
2-0: Foul Ball, location: 2F
2-1: Called Strike
2-2: Ball
3-2: SINGLE (Flyball, 89S)
Lúcio Gonzáles scores
Scott Donlan to second
Scott Donlan to third
Batting: LHB Myron Rosenbalm 0-0: Called Strike
0-1: Swinging Strike
0-2: Ball
Wild Pitch!
Scott Donlan scores
Tom Boyer to second
1-2: Strikes out looking
Bottom of the 8th over - 10 runs, 9 hits, 1 error, 1 left on base; Westwood 0 - Irving 22
TOP OF THE 9TH
Westwood Sixshooters batting - Pitching for Irving Blue Sox : RHP Armando Cruz
Now at 2B: Wes Bradley
Batting: SHB Arsenio Sameiro 0-0: DOUBLE (Groundball, 3L)
Batting: LHB Phil Minor 0-0: Called Strike
0-1: Ball
1-1: SINGLE (Line Drive, 8RS)
Arsenio Sameiro to third
Batting: RHB Steve Bock 0-0: Grounds into double play, 4-6-3 (Groundball, 4M)
Arsenio Sameiro scores
Batting: LHB José Martínez 0-0: Ball
1-0: Foul Ball, location: 2F
1-1: Called Strike
1-2: Strikes out swinging
Top of the 9th over - 1 run, 2 hits, 0 errors, 0 left on base; Westwood 1 - Irving 22
Tuesday, December 19th, 2017 - OOTP Baseball 18.8 Build 76